Map: Triton LE

Players

pHARM

  • Race: Zerg Zerg
  • League: Platinum
  • Spawn Location: 5:00

Zeddicus - Winner!

  • Race: Protoss Protoss
  • League: Platinum
  • Spawn Location: 11:00

VOD

Have the link to the VOD?

Description

Time

  • Played on: Aug. 31, 2019, 10:09 p.m.
  • Length: 10:31
Show
View Real Time Build Order
Export as new Build Order

pHARM Zerg 

Build Orders: Hatch First 

Get SALT Encoding   

  12  0:01  Drone  
  13  0:14  Overlord  
  13  0:18  Drone  
  14  0:32  Drone x2  
  16  0:57  Hatchery  
  16  1:00  Drone  
  16  1:01  Drone x2  
  18  1:17  Spawning Pool, Drone  
  18  1:24  Drone  
  19  1:37  Extractor  
  18  1:46  Drone  
  18  1:47  Drone  
  20  2:03  Overlord  
  20  2:07  Drone  
  21  2:09  Queen x2  
  21  2:11  Zergling x2  
  26  2:22  Drone x2  
  28  2:29  Spine Crawler  
  27  2:45  Drone x4  
  31  2:58  Drone x2  
  33  3:04  Drone, Spine Crawler  
  33  3:05  Drone  
  34  3:08  Lair  
  34  3:15  Drone x2  
  36  3:28  Overlord x2  
  36  3:47  Overlord x2  
  36  3:48  Drone x4  
  40  4:02  Evolution Chamber  
  39  4:05  Roach Warren, Drone x4  
  39  4:07  Evolution Chamber  
  41  4:19  Drone x2  
  43  4:26  Drone, Extractor  
  43  4:27  Extractor, Drone  
  43  4:40  Zerg Missile Weapons Level 1  
  43  4:41  Zerg Ground Armor Level 1  
  43  4:42  Drone x3  
  43  4:43  Drone x5  
  43  4:44  Hatchery  
  49  5:17  Extractor  
  49  5:18  Hydralisk Den  
  47  5:26  Glial Reconstitution  
  47  5:30  Roach x7  
  47  5:32  Overlord x2  
  61  5:46  Drone  
  61  5:49  Roach x2  
  66  5:50  Roach  
  68  5:59  Grooved Spines  
  68  6:02  Roach x4  
  76  6:05  Overlord  
  76  6:19  Roach x4  
  76  6:20  Roach  
  86  6:33  Queen  
  88  6:48  Drone, Queen  
  88  6:49  Drone x6  
  97  7:04  Overlord x3  
  97  7:13  Infestation Pit  
  58  7:46  Zerg Ground Armor Level 2, Zerg Missile Weapons Level 2  
  58  7:48  Hydralisk x5  
  58  7:49  Hydralisk x6  
  80  7:54  Drone x4  
  84  8:13  Roach x8  
  84  8:19  Extractor x2  
  98  8:30  Roach x6  
  110  8:40  Hive  
  110  9:19  Drone x3  
  110  9:20  Drone x5  
  110  9:21  Drone x4  
  122  9:42  Spire, Overlord x3  
  122  9:43  Overlord x5  
  121  9:50  Hatchery  
Show
View Real Time Build Order
Export as new Build Order

Zeddicus Protoss - Winner!

Build Orders: Zealot Archon 

Get SALT Encoding   

  12  0:01  Probe  
  13  0:13  Probe  
  14  0:20  Pylon  
  14  0:25  Probe  
  15  0:38  Probe  
  15  0:41  Gateway  
  16  0:51  Probe  
  17  0:59  Assimilator  
  17  1:03  Probe  
  18  1:15  Probe  
  19  1:27  Probe  
  20  1:33  Cybernetics Core  
  20  1:35  Probe  
  21  1:43  Probe  
  22  1:53  Probe  
  22  1:57  Pylon  
  22  1:59  Warp Gate  
  23  2:06  Assimilator  
  23  2:15  Probe, Adept  
  26  2:44  Robotics Facility  
  26  2:51  Stalker  
  26  2:53  Nexus  
  26  2:57  Pylon  
  28  3:02  Pylon  
  28  3:24  Gateway  
  28  3:25  Gateway  
  28  3:28  Gateway  
  28  3:36  Twilight Council  
  28  3:38  Pylon  
  28  3:45  Immortal, Forge  
  28  3:46  Stalker  
  34  3:58  Probe  
  35  4:12  Probe, Protoss Ground Weapons Level 1  
  35  4:15  Probe  
  37  4:20  Probe, Charge  
  37  4:30  Probe  
  38  4:32  Probe  
  40  4:40  Gateway  
  40  4:42  Probe  
  40  4:44  Probe  
  40  4:54  Probe  
  40  4:56  Probe  
  40  4:57  Gateway  
  42  5:00  Gateway  
  42  5:06  Probe  
  43  5:08  Observer  
  44  5:17  Templar Archives  
  44  5:21  Pylon  
  44  5:22  Probe  
  44  5:23  Probe  
  44  5:24  Pylon  
  44  5:25  Assimilator  
  46  5:44  Probe x2  
  48  5:50  Stalker x2  
  48  5:51  Zealot  
  48  5:52  Zealot x2  
  48  5:53  Probe x2  
  48  5:56  Psionic Storm, Assimilator  
  60  6:01  Probe x2  
  60  6:11  Probe  
  63  6:27  Probe x2  
  65  6:34  High Templar  
  65  6:35  Zealot  
  65  6:36  Zealot  
  65  6:37  Zealot  
  65  6:38  Zealot x2  
  65  6:39  Zealot, Probe x2  
  81  6:51  Probe  
  82  6:58  High Templar  
  82  6:59  High Templar  
  86  7:03  Archon  
  64  7:32  Zealot x3  
  64  7:33  Zealot x4  
  78  7:49  Immortal  
  82  7:57  High Templar x2  
  86  8:04  Pylon  
  86  8:07  Pylon  
  86  8:09  Pylon  
  86  8:11  Pylon  
  86  8:27  Stalker x2  
  86  8:28  Zealot, Stalker x2  
  86  8:29  Zealot  
  86  8:31  Zealot  
  100  8:49  Observer  
  100  8:56  High Templar  
  100  8:58  High Templar x2  
  100  8:59  High Templar  
  100  9:00  Zealot x3  
  100  9:01  Nexus  
  114  9:03  Archon  
  114  9:05  Archon  
  114  9:06  Pylon  
  114  9:09  Pylon  
  114  9:24  Zealot x3  
  114  9:30  Zealot  
  122  9:32  Zealot  
  122  9:33  Zealot x2  
  128  9:46  Gateway  
  128  9:47  Gateway  
  128  9:49  Gateway, Probe  
  128  9:50  Probe  
  128  9:52  Gateway  
  130  10:02  Probe x2  
Tags
 
Composition
Zealot Archon
Matchup
PvZ
Replay Pack
10.7.19
Spawn Locations
Cross Positions
Add a new tag
Caveats
  • Supply blocks, unpowered buildings, or Contaminate may cause inaccurate times.
  • Supply counts are checked every 10 seconds.